 Dungeon Crawl Stone Soup version 0.22.1-1-ga44c0e5 (webtiles) character file.

53 Starchild the Charmwright (level 3, -2/27 HPs)
             Began as a Merfolk Skald on Sept 25, 2018.
             Slain by an adder (3 damage)
             ... on level 2 of the Dungeon.
             The game lasted 00:04:15 (1267 turns).

Starchild the Charmwright (Merfolk Skald)           Turns: 1267, Time: 00:04:16

Health: -2/27      AC:  3    Str: 11    XL:     3   Next: 87%
Magic:  0/5        EV: 12    Int: 15    God:
Gold:   71         SH:  0    Dex: 13    Spells: 1/6 levels left

rFire    + . .     SeeInvis .   a - +0 spear
rCold    + . .     Gourm    .   (no shield)
rNeg     . . .     Faith    .   b - +0 leather armour
rPois    .         Spirit   .   (no helmet)
rElec    .         Reflect  .   (no cloak)
rCorr    +         Harm     .   (no gloves)
MR       .....                  (no boots)
Stlth    +.........             (no amulet)
HPRegen  0.09/turn              f - ring of resist corrosion
MPRegen  0.09/turn              i - +2 ring of intelligence

@: lethally poisoned (-2 -> -8), infused, singing
A: change form in water, swift swim, stealthy swim, cold resistance 1, fire
resistance 1, low mp 1
a: no special abilities


You were on level 2 of the Dungeon.
You were hungry.

You visited 1 branch of the dungeon, and saw 2 of its levels.

You collected 71 gold pieces.

Inventory:

Hand Weapons
 a - a +0 spear (weapon)
Missiles
 c - 33 stones (quivered)
Armour
 b - a +0 leather armour (worn)
Jewellery
 f - a ring of resist corrosion (left hand)
 i - a +2 ring of intelligence (right hand)
Scrolls
 e - a scroll of enchant weapon {unknown}
 k - a scroll of enchant armour {unknown}
 l - a scroll of teleportation {unknown}
 m - a scroll of blinking {unknown}
Potions
 h - a potion of degeneration {unknown}
Comestibles
 d - 3 rations


   Skills:
 - Level 2.1 Fighting
 + Level 4.4 Polearms
 - Level 0.6 Armour
 - Level 2.6 Dodging
 - Level 2.0 Spellcasting
 * Level 4.4 Charms


You had one spell level left.
You knew the following spells:

 Your Spells              Type           Power        Failure   Level  Hunger
a - Infusion              Chrm           ##..         4%          1    #......
b - Song of Slaying       Chrm           ##......     7%          2    ###....
c - Shroud of Golubria    Chrm/Tloc      #.........   19%         2    ###....

Your spell library contained the following spells:

 Spells                   Type           Power        Failure   Level  Hunger
 Regeneration             Chrm/Necr      #.........   34%         3    ###....
 Spectral Weapon          Hex/Chrm       #.......     34%         3    ###....


Dungeon Overview and Level Annotations

Branches:
Dungeon (2/15)

Altars:


Innate Abilities, Weirdness & Mutations

You revert to your normal form in water.
You are very nimble and swift while swimming.
You are very stealthy in the water. (Stealth+)
Your flesh is cold resistant. (rC+)
Your flesh is heat resistant. (rF+)
Your magical capacity is low. (-10% MP)


Message History

The centaur misses you. The adder barely misses you.
You hit the centaur but do no damage.
The centaur is moderately wounded.
Your shroud begins to fray at the edges.
* * * LOW HITPOINT WARNING * * *
You feel sick.
The centaur hits you but does no damage.
The adder barely misses you.
You barely miss the centaur.
The centaur is moderately wounded.
* * * LOW HITPOINT WARNING * * *
You feel sick. The centaur closely misses you.
The adder bites you but does no damage. The centaur hits you.
* * * LOW HITPOINT WARNING * * *
Your shroud falls apart!
It was a potion of mutation.
You feel extremely strange.
You feel resistant to cold.
You feel less energetic.
You feel resistant to heat. The adder bites you.
You die...

###.####.#
#.....##......#
....#....#
#.....##......#
.####.####
#.....######..#
.####.#######.....#
##.##
..................# #..#
.##...............# ##.#
.##.......c..S..g.######
#.# .##........
#Sc...... #.##
.##........
#@.......##..#
.##########
#........###.## .#
#........# #..# .#
#........# ##.## # .#
#........# #..# # .#
#........# ##.### .#
#........### #..## .#
#..........# ##.## .#
#......†..†####..#


You could see a centaur, an adder and a hobgoblin.

Vanquished Creatures
  An adder (D:2)
  2 worms (D:2)
  A ball python (D:2)
  4 giant cockroaches
  6 goblins (D:1)
  8 hobgoblins
  5 kobolds
  3 bats
  A frilled lizard (D:1)
  3 rats
34 creatures vanquished.

Notes
Turn   | Place    | Note
-------+----------+-------------------------------------------
     0 | D:1      | Starchild the Merfolk Skald began the quest for the Orb.
     0 | D:1      | Reached XP level 1. HP: 16/16 MP: 3/3
   156 | D:1      | Reached XP level 2. HP: 18/22 MP: 5/5
   193 | D:1      | Learned a level 2 spell: Song of Slaying
   196 | D:1      | Learned a level 2 spell: Shroud of Golubria
   789 | D:1      | Reached XP level 3. HP: 24/27 MP: 6/6
   888 | D:2      | Noticed a centaur
  1266 | D:2      | HP: 1/27 [centaur (6)]
  1267 | D:2      | Gained mutation: Your flesh is cold resistant. (rC+)
                  | [potion of mutation]
  1267 | D:2      | Gained mutation: Your magical capacity is low. (-10% MP)
                  | [potion of mutation]
  1267 | D:2      | Gained mutation: Your flesh is heat resistant. (rF+)
                  | [potion of mutation]
  1267 | D:2      | Slain by an adder

Skill      XL: |  1  2  3 |
---------------+----------+-----
Charms         | 4 |  4.4
Polearms       | 4 |  4.4
Fighting       | |  2.1
Armour         | |  0.6
Dodging        | |  2.6
Spellcasting   | |  2.0

Action                   || total
-------------------------++-------
Melee: Spear             ||   135
Throw: Stone             ||     1
 Cast: Infusion          ||     6
       Shroud of Golubri ||     1
       Song of Slaying   ||     1
  Use: Potion            ||     1
 Stab: Sleeping          ||     1
  Eat: Chunk             ||     1
Armor: Leather armour    ||    33
Dodge: Dodged            ||    67
